 Dungeon Crawl Stone Soup version 0.30-a0-55-g90e3122c3a (webtiles) character file.

Game seed: 16292711653712299851

1341 AarnesTheHuman the Trooper (level 8, -4/88 HPs)
             Began as an Ogre Gladiator on Sept 9, 2022.
             Slain by a scorpion (7 damage)
             ... on level 6 of the Dungeon.
             The game lasted 00:14:48 (9101 turns).

AarnesTheHuman the Trooper (Ogre Gladiator)         Turns: 9101, Time: 00:14:49

Health: -4/88      AC:  4    Str: 25    XL:     8   Next: 62%
Magic:  8/8        EV: 11    Int:  9    God:
Gold:   251        SH:  0    Dex: 10    Spells: 7/7 levels left

rFire   + . .      SeeInvis +    b - +6 dagger of Xom's Generosity {holy, Str+4}
rCold   . . .      Faith    .    (no shield)
rNeg    . . .      Spirit   .    m - +0 robe
rPois   .          Reflect  .    c - +0 hat
rElec   .          Harm     .    o - +0 cloak
rCorr   .          Rampage  .    (gloves unavailable)
Will    .....                    (boots unavailable)
Stlth   +.........               (no amulet)
HPRegen 0.24/turn                s - ring of protection from fire
MPRegen 0.11/turn                v - ring of see invisible

@: no status effects
A: large, unfitting armour, tough skin 1
a: no special abilities


You were on level 6 of the Dungeon.
You visited 1 branch of the dungeon, and saw 6 of its levels.

You collected 251 gold pieces.

Inventory:

Hand Weapons
 a - a +0 dagger of electrocution
 b - the +6 dagger of Xom's Generosity (weapon) {holy, Str+4}
   (You found it on level 2 of the Dungeon)

   It has been blessed by the Shining One to cause great damage to the undead
   and demons.
   Str:       It affects your strength (+4).
 i - a +2 dagger of venom
 u - a +0 flail of electrocution
Missiles
 d - a throwing net
 e - a large rock
 p - 43 stones (quivered)
 t - 4 poisoned darts
Armour
 c - a +0 hat (worn)
 m - a +0 robe (worn)
 o - a +0 cloak (worn)
 y - an orb of mayhem
Jewellery
 s - a ring of protection from fire (left hand)
 v - a ring of see invisible (right hand)
 w - a +6 ring of strength
Scrolls
 f - 2 scrolls of brand weapon
 g - a scroll of immolation {unknown}
 k - 4 scrolls of enchant weapon
 r - 2 scrolls of identify
Potions
 h - a potion of attraction {unknown}
 j - a potion of resistance {unknown}
 l - a potion of cancellation {unknown}
 n - 6 potions of curing
 q - a potion of mutation {unknown}
 x - a potion of magic
 z - a potion of heal wounds {unknown}


   Skills:
 + Level 7.9 Fighting
 - Level 3.4 Maces & Flails
 + Level 5.7 Throwing
 - Level 3.0 Armour
 - Level 5.0 Dodging


You had 7 spell levels left.
You didn't know any spells.
Your spell library contained the following spells:

 Spells                   Type           Power      Damage    Failure   Level
 Dazzling Flash           Conj/Hex       0%         N/A       77%         3
 Ozocubu's Armour         Ice            0%         N/A       77%         3
 Agony                    Necr           0%         N/A       100%        5
 Metabolic Englaciation   Hex/Ice        0%         N/A       100%        5
 Silence                  Hex/Air        0%         N/A       100%        5
 Simulacrum               Ice/Necr       0%         N/A       100%        6


Dungeon Overview and Level Annotations

Branches:
Dungeon (6/15)
 Temple: D:4-7

Altars:
Xom


Innate Abilities, Weirdness & Mutations

You are too large for most types of armour.
You have tough skin. (AC +1)


Message History

You puncture the scorpion!
The scorpion is heavily wounded.
You feel sick. The scorpion stings you.
* * * LOW HITPOINT WARNING * * *
You hit the scorpion.
You punch the scorpion, but do no damage.
The scorpion is severely wounded.
You feel sick. The scorpion stings you.
* * * LOW HITPOINT WARNING * * *
You hit the scorpion.
The scorpion is severely wounded.
You feel sick. The scorpion closely misses you.
You hit the scorpion but do no damage.
The scorpion is severely wounded.
You feel sick.
The scorpion stings you but does no damage.
You barely miss the scorpion.
The scorpion is severely wounded.
You feel sick. The scorpion completely misses you.
The scorpion closely misses you.
You barely miss the scorpion.
The scorpion is severely wounded.
You feel sick. The scorpion stings you.
* * * LOW HITPOINT WARNING * * *
You are lethally poisoned!
The scorpion poisons you!
You closely miss the scorpion.
The scorpion is severely wounded.
* * * LOW HITPOINT WARNING * * *
You feel very sick. The scorpion closely misses you.
You feel better. The scorpion closely misses you.
You closely miss the scorpion.
The scorpion is severely wounded.
The scorpion stings you!
* * * LOW HITPOINT WARNING * * *
You closely miss the scorpion.
The scorpion is severely wounded.
The scorpion stings you!
You die...

..# # .## #.# #.
#.. #.# #.# #...
##.###.# ###..
#####.....# ......
###....###..#
......# ##...####
#[.### #..s##>.###
##.... #.)@...#
#...# #......#
##..## ###.#..)#
###.....
#####..####.....##
.........<##
..........#
##........##
##......<##
#........#


You could see a scorpion.

Vanquished Creatures
  Grinder (D:5)
  Prince Ribbit (D:4)
  Sigmund (D:1)
  A centaur (D:6)
  2 phantoms (D:4)
  Blork the orc (D:4)
  3 hounds
  3 orc priests
  Natasha (thrice) (D:3)
  2 iguanas (D:4)
  Robin (D:2)
  A gnoll (D:5)
  7 adders
  An ufetubus (D:5)
  3 dart slugs
  14 orcs
  4 endoplasms
  16 goblins
  5 hobgoblins
  4 jackals
  3 quokkas
  8 ball pythons
  3 bats
  4 frilled lizards
  2 kobolds
  5 rats
99 creatures vanquished.

Vanquished Creatures (others)
  A plant (D:5)
1 creature vanquished.

Grand Total: 100 creatures vanquished

Notes
Turn   | Place    | Note
-------+----------+-------------------------------------------
     0 | D:1      | AarnesTheHuman the Ogre Gladiator began the quest for the
                  | Orb.
     0 | D:1      | Reached XP level 1. HP: 22/22 MP: 1/1
   448 | D:1      | Reached XP level 2. HP: 22/29 MP: 2/2
   691 | D:1      | Reached skill level 3 in Fighting
  1099 | D:1      | Reached XP level 3. HP: 37/37 MP: 3/3
  1502 | D:2      | Noticed Sigmund
  1519 | D:1      | Killed Sigmund
  1520 | D:1      | Reached skill level 5 in Fighting
  1520 | D:1      | Reached XP level 4. HP: 35/50 MP: 4/4
  1520 | D:1      | Reached XP level 5. HP: 40/57 MP: 5/5
  2282 | D:2      | Reached XP level 6. HP: 57/66 MP: 6/6
  2474 | D:2      | Identified the +6 dagger of Xom's Generosity {holy, Str+4}
  2490 | D:2      | Found a faded altar of an unknown god.
  2571 | D:2      | Noticed Robin
  2594 | D:2      | Killed Robin
  2967 | D:3      | Reached skill level 5 in Throwing
  3173 | D:3      | Found a shimmering altar of Xom.
  3572 | D:3      | Noticed Natasha
  3587 | D:3      | Killed Natasha
  3957 | D:3      | Noticed Natasha
  3972 | D:3      | Killed Natasha
  4232 | D:3      | Noticed Natasha
  4242 | D:3      | Killed Natasha
  5359 | D:3      | Found a shimmering altar of Xom.
  5549 | D:4      | Reached skill level 1 in Armour
  5549 | D:4      | Reached XP level 7. HP: 54/72 MP: 7/7
  5719 | D:4      | Noticed Blork the orc
  5739 | D:4      | Killed Blork the orc
  6102 | D:4      | Reached skill level 6 in Fighting
  6784 | D:5      | Entered Level 5 of the Dungeon
  7631 | D:5      | Noticed Grinder
  7633 | D:5      | Noticed Prince Ribbit
  7730 | D:4      | Killed Prince Ribbit
  7731 | D:4      | Reached skill level 7 in Fighting
  7731 | D:4      | Reached XP level 8. HP: 19/87 MP: 8/8
  8306 | D:5      | Paralysed by Grinder for 2 turns
  8316 | D:5      | Paralysed by Grinder for 4 turns
  8321 | D:5      | Killed Grinder
  8322 | D:5      | Reached skill level 5 in Dodging
  8730 | D:5      | Noticed a wyvern
  9098 | D:6      | HP: 3/88 [poisoned by a scorpion]
  9101 | D:6      | Slain by a scorpion

Illustrated notes

Levels and vault maps discovered:
D:1:      dpeg_arrival_castle, layout_basic
D:2:      layout_loops_ring, chequers_ecumenical_altar_lobes, minmay_unequal,
          uniq_sigmund, uniq_robin
D:3:      layout_loops_corners, nicolae_overflow_hidden_temple,
          kennysheep_nondescript, serial_bayou_pond_e, minmay_misc_feat_alley,
          roderic_serpentine_path, minivault_11, minmay_vboxes, uniq_natasha
D:4:      layout_basic, grunt_ministairs_12, uniq_blork_the_orc
D:5:      layout_cave_pools, serial_bayou_pond_d, uniq_eustachio,
          uniq_prince_ribbit1, uniq_grinder
D:6:      layout_layer_cave, minmay_temple_entry_proselytizer

Skill      XL: |  1  2  3  4  5  6  7  8 |
---------------+-------------------------+-----
Maces & Flails | 3 |  3.4
Fighting       | 3 5 7 |  7.9
Throwing       | 4 5 |  5.7
Dodging        | 3 4 5 |  5.0
Armour         | 1 3 |  3.0

Action                   |  1- 3 |  4- 6 |  7- 9 || total
-------------------------+-------+-------+-------++-------
Melee: Flail             |    31 |       |       ||    31
       Dagger            |    28 |   148 |   190 ||   366
       Punch             |       |     3 |     3 ||     6
Throw: Throwing net      |     1 |       |     3 ||     4
       Dart              |       |       |     7 ||     7
  Use: Scroll            |       |     9 |     1 ||    10
       Potion            |       |       |     2 ||     2
 Stab: Held in net/web   |     1 |       |       ||     1
       Sleeping          |       |     1 |       ||     1
Armor: Robe              |    21 |    20 |    45 ||    86
Dodge: Dodged            |    31 |    64 |   101 ||   196

Table legend: (Time is in decaauts)
 A = Elapsed time spent in this place.
 B = Non-inter-level travel time spent in this place.
 C = Inter-level travel time spent in this place.
 D = Time resting spent in this place.
 E = Time spent auto-exploring this place.
 F = Levels seen in this place.
 G = Mean time per level.
                   A        B        C        D        E       F      G
               +--------+--------+--------+--------+--------+-----+--------+
         Total |   9114 |   8729 |    385 |   2859 |   4764 |   6 | 1519.0 |
       Dungeon |   9114 |   8729 |    385 |   2859 |   4764 |   6 | 1519.0 |
               +--------+--------+--------+--------+--------+-----+--------+

Top non-repeatable levels by time:
     D:3: 2763 daAuts
     D:4: 2333 daAuts
     D:1: 1665 daAuts
     D:5: 1140 daAuts
     D:2: 1091 daAuts
     D:6: 119 daAuts
